 Dungeon Crawl Stone Soup version 0.28.0-43-g3370ac3207 (webtiles) character file.

Game seed: 2784933939236055368

8262 Ablot the Thaumaturge (level 11, -3/85 HPs)
             Began as a Gnoll Warper on Mar 28, 2022.
             Was an Elder of Okawaru.
             Slain by a tengu warrior
             ... wielding a +3 great mace
              (16 damage)
             ... on level 11 of the Dungeon on Mar 29, 2022.
             The game lasted 00:26:36 (14819 turns).

Ablot the Thaumaturge (Gnoll Warper)               Turns: 14819, Time: 00:26:37

Health: -3/85      AC: 19    Str: 27    XL:     11   Next: 28%
Magic:  23/23      EV: 12    Int: 13    God:    Okawaru [****..]
Gold:   600        SH:  0    Dex: 11    Spells: 22/26 levels left

rFire   . . .      SeeInvis .   a - +1 spear (venom)
rCold   . . .      Faith    .   (no shield)
rNeg    + . .      Spirit   .   n - +1 pearl dragon scales
rPois   .          Reflect  .   p - +0 helmet
rElec   .          Harm     .   J - +0 cloak
rCorr   .          Rampage  .   E - +2 pair of gloves
Will    .....                   (no boots)
Stlth   +.........              (no amulet)
HPRegen 0.24/turn               k - +6 ring of strength
MPRegen 0.18/turn               U - +6 ring of strength

@: no status effects
A: fangs 1, strong nose, distributed training
a: Renounce Religion, Heroism, Finesse


You were on level 11 of the Dungeon.
You worshipped Okawaru.
Okawaru was greatly pleased with you.
You visited 2 branches of the dungeon, and saw 12 of its levels.
You also visited: Sewer.

You collected 657 gold pieces.
You spent 57 gold pieces at shops.

Inventory:

Hand Weapons
 a - a +1 spear of venom (weapon)
 s - a +3 scimitar of flaming
Missiles
 b - 5 javelins
 g - 376 stones
 o - 104 sling bullets
 q - 7 boomerangs of dispersal
 w - 45 bolts
 y - 3 throwing nets
 A - 193 arrows
 D - 19 poisoned darts (quivered)
 F - 3 atropa-tipped darts
 G - 6 datura-tipped darts
 P - 4 silver javelins
Armour
 n - +1 pearl dragon scales (worn)
 p - a +0 helmet (worn)
 E - a +2 pair of gloves (worn)
 J - a +0 cloak (worn)
Magical Staves
 B - a staff of fire
 N - a staff of poison
Jewellery
 k - a +6 ring of strength (left hand)
 m - a ring of see invisible
 r - a ring of willpower
 x - a ring of protection from cold
 R - a ring of flight
 T - a ring of protection from fire
 U - a +6 ring of strength (right hand)
 W - a ring of poison resistance
Wands
 d - a wand of flame (4)
 S - a wand of digging (5)
 V - a wand of mindburst (7)
Scrolls
 c - 3 scrolls of blinking
 j - 4 scrolls of teleportation
 v - 4 scrolls of enchant weapon {unknown}
 C - 4 scrolls of fear {unknown}
 I - 2 scrolls of vulnerability
 M - 3 scrolls of fog {unknown}
 O - 2 scrolls of amnesia {unknown}
Potions
 e - 7 potions of lignification
 f - 2 potions of curing
 h - 2 potions of attraction
 i - 2 potions of mutation
 l - a potion of invisibility
 t - 2 potions of flight
 u - a potion of magic
 z - a potion of resistance
 H - 2 potions of brilliance
 K - 2 potions of might
 L - 2 potions of berserk rage
 Q - a potion of cancellation
 X - a potion of ambrosia
 Y - 2 potions of haste


   Skills:
 + Level 7.7 Fighting
 + Level 6.1 Short Blades
 + Level 6.1 Long Blades
 + Level 6.1 Axes
 + Level 6.1 Maces & Flails
 + Level 7.7 Polearms
 + Level 6.1 Staves
 + Level 6.1 Slings
 + Level 6.1 Bows
 + Level 6.1 Crossbows
 + Level 6.7 Throwing
 + Level 6.7 Armour
 + Level 7.7 Dodging
 + Level 6.1 Stealth
 + Level 6.1 Shields
 + Level 6.1 Unarmed Combat
 + Level 8.0 Spellcasting
 + Level 5.1 Conjurations
 + Level 5.1 Hexes
 + Level 5.1 Summonings
 + Level 5.1 Necromancy
 + Level 7.5 Translocations
 + Level 5.1 Transmutations
 + Level 5.1 Fire Magic
 + Level 5.1 Ice Magic
 + Level 5.1 Air Magic
 + Level 5.1 Earth Magic
 + Level 5.1 Poison Magic
 + Level 6.7 Invocations
 + Level 6.1 Evocations


You had 22 spell levels left.
You knew the following spells:

 Your Spells              Type           Power      Damage    Failure   Level
a - Blink                 Tloc           48%        N/A       2%          2
b - Poisonous Vapours     Pois/Air       36%        N/A       6%          2

Your spell library contained the following spells:

 Spells                   Type           Power      Damage    Failure   Level
 Gell's Gravitas          Tloc           24%        N/A       4%          3
 Lesser Beckoning         Tloc           24%        N/A       4%          3
 Teleport Other           Tloc           24%        N/A       4%          3
 Corpse Rot               Necr/Air       36%        N/A       6%          2
 Sublimation of Blood     Necr           18%        N/A       6%          2
 Ignite Poison            Fire/Tmut/Pois 18%        N/A       12%         3
 Mephitic Cloud           Conj/Pois/Air  18%        N/A       12%         3
 Stone Arrow              Conj/Erth      36%        3d9       12%         3
 Petrify                  Tmut/Erth      18%        N/A       38%         4
 Manifold Assault         Tloc           24%        N/A       38%         5
 Freezing Cloud           Conj/Ice/Air   9%         6-21      75%         5
 Irradiate                Conj/Tmut      9%         3d16      75%         5
 Lehudib's Crystal Spear  Conj/Erth      9%         10d4      100%        8
 Animate Armour           Summ/Erth      Unusable   N/A       N/A         4

Dungeon Overview and Level Annotations

Branches:
Dungeon (11/15)            Temple (1/1) D:6            Lair (0/6) D:9
    Orc (0/2) D:9           Sewer (visited)

Altars:
Ashenzari
Cheibriados
Dithmenos
Elyvilon
Fedhas
Gozag
Hepliaklqana
Kikubaaqudgha
Makhleb
Nemelex Xobeh
Okawaru
Qazlal
Ru
Sif Muna
Trog
Uskayaw
Vehumet
Wu Jian
Xom
Yredelemnul
Zin
The Shining One

Shops:
D:5 *   D:8 *   D:9 =*


Innate Abilities, Weirdness & Mutations

You have very sharp teeth.
Your uncanny sense of smell can sniff out nearby items.
Your experience applies equally to all skills.


Message History

The tengu warrior pecks you but does no damage.
The tengu warrior barely misses you.
You hit the tengu warrior.
The tengu warrior looks as sick as possible!
Your bite misses the tengu warrior.
The tengu warrior is heavily wounded.
The tengu warrior hits you but does no damage.
The tengu warrior closely misses you.
The tengu warrior claws you but does no damage.
There is an open door here.
The tengu warrior hits you with a +3 great mace.
The tengu warrior pecks you but does no damage.
The tengu warrior claws you but does no damage.
You completely miss the tengu warrior.
The tengu warrior is severely wounded.
You hit the tengu warrior but do no damage.
The tengu warrior looks as sick as possible!
The tengu warrior is severely wounded.
The tengu warrior hits you with a +3 great mace!!
The tengu warrior pecks you but does no damage.
The tengu warrior closely misses you.
There is an open door here.
The tengu warrior hits you with a +3 great mace!
* * * LOW HITPOINT WARNING * * *
The tengu warrior pecks you but does no damage.
The tengu warrior claws you.
* * * LOW HITPOINT WARNING * * *
You barely miss the tengu warrior.
The tengu warrior is severely wounded.
You closely miss the tengu warrior.
You bite the tengu warrior, but do no damage.
The tengu warrior is severely wounded.
The tengu warrior hits you with a +3 great mace.
* * * LOW HITPOINT WARNING * * *
The tengu warrior pecks you but does no damage.
The tengu warrior claws you but does no damage.
You miss the tengu warrior. Your bite misses the tengu warrior.
The tengu warrior is severely wounded.
The tengu warrior hits you with a +3 great mace!
You die...

#.# #.# ##.## #...# ####
###...### ..#
#.......########## #.#
#.......[........# #
###.#####.......########.####
#. #...........@.###
#......... #.##.#.#######.Q.#
#.###.###. #......# ##.##
#.###.# #. ###..### #.#
#.#.<.# #. ##....## ##'##
#.#.### #. #......# ##...##
#.#.# #. ##....## #.....##
#.#.#####. ##..## ####...##
#......... #..#
#....####...#####


You could see a tengu warrior (very poisoned).

Vanquished Creatures
  Erica (D:8)
  2 two-headed ogres
  2 cyclopes
  A manticore (D:10)
  Maggie (D:10)
  Joseph (D:10)
  3 trolls
  A hornet (D:9)
  A wyvern (D:7)
  4 yaks (D:9)
  2 steam dragons (D:8)
  A water moccasin (D:7)
  An orc warrior (D:8)
  A black bear (D:5)
  2 ogres
  A hornet zombie (D:7)
  4 centaurs
  A phantom (D:4)
  7 bullfrogs
  A gnoll sergeant (D:11)
  2 scorpions
  2 wyvern zombies
  A water moccasin skeleton (D:4)
  A howler monkey (D:9)
  5 wights (D:8)
  2 centaur zombies
  4 hounds
  2 jellies
  An orc priest (D:8)
  2 centaur skeletons
  5 iguanas
  9 orc wizards
  A hound zombie (D:5)
  A howler monkey zombie (D:10)
  11 gnolls
  A howler monkey skeleton (D:7)
  6 adders
  2 adder skeletons (D:4)
  2 worms
  A dart slug (D:1)
  18 orcs
  6 bats
  21 endoplasms
  17 giant cockroaches
  7 goblins
  5 hobgoblins
  11 jackals
  9 kobolds
  16 quokkas
  10 ball pythons
  5 frilled lizards
  5 rats
229 creatures vanquished.

Vanquished Creatures (others)
  A hornet zombie (D:8)
  2 fungi (D:3)
  4 plants (D:3)
7 creatures vanquished.

Grand Total: 236 creatures vanquished

Notes
Turn   | Place    | Note
-------+----------+-------------------------------------------
     0 | D:1      | Ablot the Gnoll Warper began the quest for the Orb.
     0 | D:1      | Reached XP level 1. HP: 20/20 MP: 6/6
   175 | D:1      | Reached XP level 2. HP: 16/26 MP: 7/7
   178 | D:1      | Learned a level 2 spell: Blink
   945 | D:1      | Reached XP level 3. HP: 31/31 MP: 9/9
   949 | D:1      | Reached skill level 5 in Spellcasting
   959 | D:1      | Reached skill level 1 in Invocations
  1247 | D:2      | Reached skill level 1 in Short Blades
  1247 | D:2      | Reached skill level 1 in Long Blades
  1247 | D:2      | Reached skill level 1 in Axes
  1247 | D:2      | Reached skill level 1 in Maces & Flails
  1247 | D:2      | Reached skill level 1 in Staves
  1247 | D:2      | Reached skill level 1 in Slings
  1247 | D:2      | Reached skill level 1 in Bows
  1247 | D:2      | Reached skill level 1 in Crossbows
  1247 | D:2      | Reached skill level 1 in Stealth
  1247 | D:2      | Reached skill level 1 in Shields
  1247 | D:2      | Reached skill level 1 in Unarmed Combat
  1247 | D:2      | Reached skill level 1 in Evocations
  1571 | D:1      | Reached XP level 4. HP: 38/38 MP: 11/11
  2004 | D:3      | Found a blossoming altar of Fedhas.
  2128 | D:3      | Reached skill level 1 in Conjurations
  2128 | D:3      | Reached skill level 1 in Hexes
  2128 | D:3      | Reached skill level 1 in Summonings
  2128 | D:3      | Reached skill level 1 in Necromancy
  2128 | D:3      | Reached skill level 1 in Transmutations
  2128 | D:3      | Reached skill level 1 in Fire Magic
  2128 | D:3      | Reached skill level 1 in Ice Magic
  2128 | D:3      | Reached skill level 1 in Air Magic
  2128 | D:3      | Reached skill level 1 in Earth Magic
  2128 | D:3      | Reached skill level 1 in Poison Magic
  2354 | D:3      | Found a stormy altar of Qazlal.
  2379 | D:3      | Noticed a centaur
  2390 | D:3      | Killed a centaur
  2391 | D:3      | Reached XP level 5. HP: 34/43 MP: 12/12
  2730 | D:3      | Found a faded altar of an unknown god.
  2834 | D:4      | Noticed a phantom
  2834 | D:4      | Found an ornate altar of the Wu Jian Council.
  2859 | D:4      | Noticed an ogre
  2877 | D:4      | Killed an ogre
  2878 | D:4      | Reached skill level 5 in Fighting
  2878 | D:4      | Reached skill level 5 in Polearms
  2878 | D:4      | Reached skill level 5 in Dodging
  2878 | D:4      | Reached XP level 6. HP: 24/51 MP: 14/14
  3201 | D:4      | Reached XP level 7. HP: 42/56 MP: 15/15
  3304 | D:4      | Found a glowing golden altar of the Shining One.
  4108 | D:5      | Entered Level 5 of the Dungeon
  4196 | D:5      | Found Zin's Purification Station.
  4197 | D:5      | Found a glowing silver altar of Zin.
  4463 | D:5      | Reached XP level 8. HP: 34/63 MP: 16/16
  4545 | D:5      | Found a glowing drain.
  4552 | Sewer    | Entered a sewer
  5222 | D:5      | Reached skill level 6 in Spellcasting
  6455 | D:6      | Found a snail-covered altar of Cheibriados.
  6668 | D:6      | Found a staircase to the Ecumenical Temple.
  6717 | Temple   | Entered the Ecumenical Temple
  6982 | Temple   | Became a worshipper of Warmaster Okawaru
  7950 | D:7      | Reached XP level 9. HP: 64/69 MP: 18/18
  8728 | D:8      | Reached * piety under Okawaru
  8738 | D:8      | Reached skill level 5 in Throwing
  8738 | D:8      | Reached skill level 5 in Armour
  8744 | D:8      | Noticed Erica
  8774 | D:8      | Killed Erica
  8774 | D:8      | Reached ** piety under Okawaru
  8775 | D:8      | Reached skill level 5 in Invocations
  9250 | D:8      | Found Retak's Overcharged Wands.
  9287 | D:8      | Found a hide-covered altar of Uskayaw.
  9466 | D:8      | Reached skill level 7 in Spellcasting
  9476 | D:8      | Reached XP level 10. HP: 8/77 MP: 20/20
 10374 | D:8      | Reached skill level 5 in Short Blades
 10374 | D:8      | Reached skill level 5 in Long Blades
 10374 | D:8      | Reached skill level 5 in Axes
 10374 | D:8      | Reached skill level 5 in Maces & Flails
 10374 | D:8      | Reached skill level 5 in Staves
 10374 | D:8      | Reached skill level 5 in Slings
 10374 | D:8      | Reached skill level 5 in Bows
 10374 | D:8      | Reached skill level 5 in Crossbows
 10374 | D:8      | Reached skill level 5 in Stealth
 10374 | D:8      | Reached skill level 5 in Shields
 10374 | D:8      | Reached skill level 5 in Unarmed Combat
 10374 | D:8      | Reached skill level 5 in Evocations
 10463 | D:9      | Found Duxkum's Assorted Antiques.
 10467 | D:9      | Bought a cyan potion for 27 gold pieces
 10467 | D:9      | Bought a scroll labelled ZYUBRE ZELL for 30 gold pieces
 10569 | D:9      | Reached *** piety under Okawaru
 10800 | D:9      | Found a hazy altar of Hepliaklqana.
 11005 | D:9      | Noticed a two-headed ogre
 11029 | D:9      | Killed a two-headed ogre
 11029 | D:9      | Received a gift from Okawaru
 11174 | D:9      | Found a staircase to the Orcish Mines.
 11230 | D:9      | Found Tafoit's Jewellery Shoppe.
 11257 | D:9      | Found a staircase to the Lair.
 11294 | D:9      | Found an ancient bone altar of Kikubaaqudgha.
 11649 | D:9      | Learned a level 2 spell: Poisonous Vapours
 11820 | D:10     | Entered Level 10 of the Dungeon
 12183 | D:10     | Noticed a manticore
 12205 | D:10     | Killed a manticore
 12402 | D:10     | Noticed Maggie
 12426 | D:10     | Killed Maggie
 12525 | D:10     | Found a shimmering altar of Xom.
 12566 | D:10     | Noticed Joseph
 12602 | D:10     | Killed Joseph
 12602 | D:10     | Reached **** piety under Okawaru
 12979 | D:10     | Found a sparkling altar of Nemelex Xobeh.
 13366 | D:11     | Reached XP level 11. HP: 26/84 MP: 22/22
 13613 | D:11     | Noticed a cyclops
 13615 | D:11     | Noticed a tengu warrior
 13658 | D:10     | Killed a cyclops
 13827 | D:11     | Noticed a two-headed ogre
 13849 | D:11     | Killed a two-headed ogre
 13849 | D:11     | Received a gift from Okawaru
 13850 | D:11     | Reached skill level 8 in Spellcasting
 13850 | D:11     | Reached skill level 5 in Conjurations
 13850 | D:11     | Reached skill level 5 in Hexes
 13850 | D:11     | Reached skill level 5 in Summonings
 13850 | D:11     | Reached skill level 5 in Necromancy
 13850 | D:11     | Reached skill level 5 in Transmutations
 13850 | D:11     | Reached skill level 5 in Fire Magic
 13850 | D:11     | Reached skill level 5 in Ice Magic
 13850 | D:11     | Reached skill level 5 in Air Magic
 13850 | D:11     | Reached skill level 5 in Earth Magic
 13850 | D:11     | Reached skill level 5 in Poison Magic
 14428 | D:11     | Noticed a cyclops
 14450 | D:11     | Killed a cyclops
 14819 | D:11     | Slain by a tengu warrior

Illustrated notes

Levels and vault maps discovered:
D:1:      minmay_arrival_arboretum_small, layout_basic, minmay_tree_intersection
D:2:      layout_rooms
D:3:      layout_rooms, grunt_temple_overflow_forces_of_nature,
          shapermc_ecumenical_altar_petra
D:4:      layout_rooms, nzn_wu_jian_council_hall, nicolae_tso_carved_into_rock,
          minmay_increasing_density
D:5:      layout_layer_cave, zin_purify, gup_sewer_entry_bubbles
D:6:      layout_basic, cheibriados_altar_1, minmay_temple_entry_wispy
D:7:      layout_basic
D:8:      layout_basic, overflow_temple_1_default, st_stairs_10,
          nicolae_shop_overcharged_wands, uniq_erica
D:9:      layout_stronghold, kiku_gazebo_garden_becter,
          worldfamousw_hep_ancestral_shrine, lair_entry_dummy, orc_0_dummy,
          serial_shops, nicolae_shop_stone, nicolae_shop_hallway_stairs
D:10:     layout_gridville, kennysheep_mini, xom_teletrap_fun, uniq_maggie,
          uniq_joseph
D:11:     layout_loops_corners, chequers_serial_rivers_micro_a
Temple:   minmay_temple_curvy_loop

Skill      XL: |  1  2  3  4  5  6  7  8  9 10 11 |
---------------+----------------------------------+-----
Spellcasting   | 5 6 7 8 |  8.0
Invocations    | 1 2 3 4 5 6 |  6.7
Short Blades   | 1 2 3 4 5 6 |  6.1
Long Blades    | 1 2 3 4 5 6 |  6.1
Axes           | 1 2 3 4 5 6 |  6.1
Maces & Flails | 1 2 3 4 5 6 |  6.1
Staves         | 1 2 3 4 5 6 |  6.1
Slings         | 1 2 3 4 5 6 |  6.1
Bows           | 1 2 3 4 5 6 |  6.1
Crossbows      | 1 2 3 4 5 6 |  6.1
Stealth        | 1 2 3 4 5 6 |  6.1
Shields        | 1 2 3 4 5 6 |  6.1
Unarmed Combat | 1 2 3 4 5 6 |  6.1
Evocations     | 1 2 3 4 5 6 |  6.1
Conjurations   | 1 2 3 4 5 |  5.1
Hexes          | 1 2 3 4 5 |  5.1
Summonings     | 1 2 3 4 5 |  5.1
Necromancy     | 1 2 3 4 5 |  5.1
Transmutations | 1 2 3 4 5 |  5.1
Fire Magic     | 1 2 3 4 5 |  5.1
Ice Magic      | 1 2 3 4 5 |  5.1
Air Magic      | 1 2 3 4 5 |  5.1
Earth Magic    | 1 2 3 4 5 |  5.1
Poison Magic   | 1 2 3 4 5 |  5.1
Throwing       | 3 4 5 6 |  6.7
Armour         | 3 4 5 6 |  6.7
Fighting       | 5 6 7 |  7.7
Polearms       | 5 6 7 |  7.7
Dodging        | 5 6 7 |  7.7
Translocations | 6 7 |  7.5

Action                   |  1- 3 |  4- 6 |  7- 9 | 10-12 || total
-------------------------+-------+-------+-------+-------++-------
Melee: Spear             |   145 |    27 |       |    23 ||   195
       Bite              |    10 |    10 |    65 |    48 ||   133
       Lajatang          |    23 |       |       |       ||    23
       Dagger            |       |    73 |   508 |   280 ||   861
       Punch             |       |     5 |    14 |    18 ||    37
       Trident           |       |    16 |    32 |       ||    48
       Scimitar          |       |       |    21 |    15 ||    36
Throw: Dart              |       |       |     5 |    26 ||    31
       Javelin           |       |       |       |     3 ||     3
Invok: Heroism           |       |       |     2 |     3 ||     5
Evoke: Wand              |       |       |     1 |       ||     1
  Use: Scroll            |       |       |     9 |    12 ||    21
       Potion            |       |       |     2 |       ||     2
 Stab: Sleeping          |     1 |       |       |     1 ||     2
Armor: Leather armour    |     7 |       |       |       ||     7
       Pearl dragon scal |    60 |    46 |   275 |   154 ||   535
Dodge: Dodged            |    87 |    45 |   328 |   166 ||   626
